 Dungeon Sprint DCSS version 0.24-a0-582-g4d4af81 (webtiles) character file.

Game seed: 13108303023685831470

114 silentkaos13 the Skirmisher (level 4, -3/40 HPs)
             Began as a Demonspawn Fighter on Aug 27, 2019.
             Killed from afar by Sigmund (6 damage)
             ... with a puff of flame
             ... in the Dungeon (Sprint I: "Red Sonja").
             The game lasted 00:00:16 (213 turns).

silentkaos13 the Skirmisher (Demonspawn Fighter)     Turns: 213, Time: 00:00:16

Health: -3/40      AC:  9    Str: 18    XL:     4   Next: 66%
Magic:  4/4        EV:  7    Int:  9    God:
Gold:   54         SH: 10    Dex: 12    Spells: 3/3 levels left

rFire    . . .     SeeInvis .   a - +0 flail
rCold    . . .     Gourm    .   c - +0 shield
rNeg     . . .     Faith    .   b - +0 scale mail
rPois    .         Spirit   .   (no helmet)
rElec    .         Reflect  .   (no cloak)
rCorr    .         Harm     .   (no gloves)
MR       .....     NoTele   +   (no boots)
Stlth    +.........             (no amulet)
HPRegen  0.13/turn              (no ring)
MPRegen  0.09/turn              (no ring)

@: no status effects
A: talons 1, thin metallic scales 1, nightstalker 1
a: no special abilities


You were in the Dungeon.
You were not hungry.

You visited 1 branch You collected 54 gold pieces.

Inventory:

Hand Weapons
 a - a +0 flail (weapon)
Armour
 b - a +0 scale mail (worn)
 c - a +0 shield (worn)
Scrolls
 k - a scroll of blinking
Potions
 d - a potion of might
 e - a potion of curing
 g - a potion of heal wounds
 h - a potion of haste
 i - 2 potions of magic
 j - a potion of berserk rage
Comestibles
 f - a ration


   Skills:
 + Level 5.9 Fighting
 + Level 3.1 Maces & Flails
 + Level 5.4 Armour
 + Level 5.3 Shields


You had 3 spell levels left.
You didn't know any spells.
Your spell library was empty.

Dungeon Overview and Level Annotations

Branches:
Dungeon (1/1)

Altars:

Annotations:
D Sigmund


Innate Abilities, Weirdness & Mutations

You have sharp toenails.
You are partially covered in thin metallic scales. (AC +2)
You are slightly more attuned to the shadows.


Message History

You barely miss something. You claw something. You block something's attack.
You sock something!
You hear some strange, mumbled words.
Something tries to affect you, but you resist.
You hit something but do no damage. Something hits you but does no damage.
You miss something. Your kick misses something. Something hits you.
You miss something. Something hits you.
You closely miss something. You claw something. You barely miss something.
You claw something. Something hits you!
You barely miss something. Your kick misses something. Something hits you!
Your shield and scale mail prevent you from hitting something.
Something hits you.
* * * LOW HITPOINT WARNING * * *
You miss something. Your kick misses something. Something hits you.
* * * LOW HITPOINT WARNING * * *
You miss something. You claw something.
You hear some strange, mumbled words.
A puff of flame appears from out of thin air!
The puff of flame hits you.
You die...

#############
#<.#..').#..+
#..'[.#..@{.#
#..#####'####
#..# #..#
#..# ####
#..# #⌠⌠#
####


There were no monsters in sight!

Vanquished Creatures
  An ogre (D)
  Ijyb (D)
2 creatures vanquished.

Notes
Turn   | Place    | Note
-------+----------+-------------------------------------------
     0 | D        | silentkaos13 the Demonspawn Fighter began the quest for the
                  | Orb.
     0 | D        | Reached XP level 1. HP: 18/18 MP: 1/1
     1 | D        | Noticed Ijyb
     7 | D        | Killed Ijyb
     7 | D        | Gained mutation: You are partially covered in thin metallic
                  | scales. (AC +2) [demonic ancestry]
     7 | D        | Reached XP level 2. HP: 22/25 MP: 2/2
    33 | D        | Noticed an ogre
    43 | D        | Killed an ogre
    43 | D        | Reached skill level 5 in Fighting
    43 | D        | Reached skill level 5 in Armour
    43 | D        | Reached skill level 5 in Shields
    43 | D        | Gained mutation: You have sharp toenails. [demonic
                  | ancestry]
    43 | D        | Reached XP level 3. HP: 17/34 MP: 3/3
    43 | D        | Gained mutation: You are slightly more attuned to the
                  | shadows. [demonic ancestry]
    43 | D        | Reached XP level 4. HP: 20/40 MP: 4/4
   199 | D        | Noticed Sigmund
   213 | D        | Killed from afar by Sigmund

Levels and vault maps discovered:
D:        dungeon_sprint_1 [red_sonja_temple_1, red_sonja_temple_small_1]

Skill      XL: |  1  2 |
---------------+-------+-----
Fighting       | 4 5 |  5.9
Maces & Flails | 2 3 |  3.1
Armour         | 3 5 |  5.4
Shields        | 3 5 |  5.3

Action                   |  1- 3 |  4- 6 || total
-------------------------+-------+-------++-------
Melee: Flail             |    14 |    13 ||    27
       Kick              |       |     5 ||     5
Armor: Scale mail        |     1 |     1 ||     2
Dodge: Dodged            |    10 |       ||    10
Block: Shield            |     2 |     1 ||     3

Table legend:
 A = Non-vault XP
 B = Vault XP
 C = Vault XP percentage of total XP
 D = Non-vault monster count
 E = Vault monster count
 F = Vault count percentage of total count
                 A         B        C        D         E       F
            +---------+---------+-------+---------+---------+-------
      Total |       0 |     163 | 100.0 |       0 |       2 | 100.0
            +---------+---------+-------+---------+---------+-------
          D |       0 |     163 | 100.0 |       0 |       2 | 100.0
            +---------+---------+-------+---------+---------+-------
